Map: Romanticide LE

Players

Bunny - Winner!

  • Race: Terran Terran
  • Spawn Location: 5:00

Elazer

  • Race: Zerg Zerg
  • Spawn Location: 11:00

Event: IEM Katowice 2021

VOD

Have the link to the VOD?

Description

Time

  • Played on: Feb. 20, 2021, 9:24 a.m.
  • Length: 13:11

All games in this series

Show
View Real Time Build Order
Export as new Build Order

Bunny Terran - Winner!

Build Orders: Liberator Opening, Reaper Expand 

Get SALT Encoding   

  12  0:00  SCV  
  13  0:12  SCV  
  14  0:17  Supply Depot  
  14  0:24  SCV  
  15  0:38  SCV  
  15  0:40  Barracks  
  16  0:43  Refinery  
  16  0:50  SCV  
  17  1:02  SCV  
  18  1:15  SCV  
  19  1:27  Reaper, Orbital Command  
  20  1:38  Command Center  
  20  1:48  Supply Depot  
  20  1:52  SCV  
  21  1:59  Marine  
  22  2:04  SCV  
  22  2:07  Factory  
  23  2:17  SCV  
  23  2:20  Barracks Reactor  
  24  2:29  SCV  
  25  2:41  SCV  
  26  2:44  Command Center  
  26  2:51  Orbital Command  
  26  2:53  SCV  
  26  2:58  Starport  
  27  3:02  Refinery  
  27  3:05  SCV  
  28  3:08  Hellion  
  32  3:12  Hellion  
  32  3:17  SCV x2  
  32  3:19  Marine  
  35  3:29  SCV x2  
  35  3:30  Hellion  
  41  3:34  Hellion  
  41  3:41  Liberator  
  41  3:44  SCV  
  41  3:45  SCV  
  41  3:46  Barracks Tech Lab  
  46  3:51  Supply Depot  
  46  3:56  Hellion x2  
  46  4:00  SCV x2  
  52  4:07  Orbital Command  
  52  4:12  SCV x2  
  53  4:17  Hellion x2  
  53  4:22  Stimpack, Marine  
  58  4:25  SCV  
  58  4:26  SCV  
  58  4:28  Supply Depot  
  60  4:35  SCV  
  60  4:38  SCV x2  
  63  4:40  Marine  
  64  4:46  Barracks, Factory Reactor  
  64  4:49  Barracks  
  64  4:54  Starport Reactor  
  64  4:57  SCV x2, Supply Depot  
  64  4:58  Marine, Orbital Command  
  68  5:01  Engineering Bay  
  68  5:02  Refinery, Engineering Bay  
  67  5:10  Refinery  
  67  5:16  Marine  
  67  5:17  SCV x2  
  65  5:27  SCV  
  66  5:29  SCV, Barracks  
  66  5:30  SCV, Barracks  
  66  5:31  Factory Tech Lab  
  66  5:34  Marine  
  69  5:37  Terran Infantry Armor Level 1, Terran Infantry Weapons Level 1  
  69  5:38  Marine x2  
  69  5:40  SCV  
  69  5:41  SCV  
  69  5:42  SCV  
  74  5:46  Marine x2  
  74  5:49  Supply Depot  
  76  5:51  Marine, Siege Tank, Supply Depot  
  76  5:52  Medivac x2  
  76  5:54  SCV  
  85  5:58  Supply Depot  
  85  6:04  Combat Shield  
  85  6:11  SCV x2, Marine x2  
  89  6:12  SCV, Supply Depot x2  
  90  6:19  Supply Depot, Refinery  
  90  6:23  SCV x2  
  90  6:25  Barracks Reactor x2  
  88  6:27  Marine x3  
  88  6:29  Marine x2, Siege Tank  
  88  6:32  SCV  
  95  6:35  SCV x2  
  95  6:37  Medivac  
  99  6:41  Medivac  
  99  6:43  Supply Depot  
  99  6:44  SCV  
  102  6:47  SCV x2  
  102  6:48  Armory  
  102  6:52  Supply Depot  
  104  6:54  Supply Depot  
  104  6:59  Marine  
  104  7:00  Marine x4  
  107  7:04  SCV x3  
  107  7:05  Siege Tank  
  113  7:09  Supply Depot  
  113  7:14  Command Center  
  113  7:17  Marine  
  113  7:18  Marine, Supply Depot  
  113  7:19  Marine x2  
  117  7:26  Marine x2  
  117  7:27  Marine x2  
  117  7:29  Medivac x2  
  125  7:35  SCV x3  
  125  7:36  Terran Infantry Weapons Level 2  
  128  7:37  Terran Infantry Armor Level 2  
  128  7:42  Marine x5  
  128  7:44  Marine  
  133  7:47  Siege Tank  
  133  7:51  Refinery  
  137  7:52  Supply Depot  
  137  7:53  Marine  
  137  7:54  Marine x2  
  140  7:59  Marine  
  140  8:01  Terran Vehicle Weapons Level 1  
  141  8:07  Marine x5  
  141  8:11  Marine x2  
  141  8:12  Marine  
  149  8:15  Factory  
  149  8:16  Supply Depot  
  149  8:17  Marine  
  149  8:19  Siege Tank  
  154  8:20  SCV x3  
  156  8:32  Marine x7  
  156  8:33  Medivac x2  
  167  8:46  Marauder  
  169  8:49  Marine  
  169  8:50  Marine x5  
  169  8:53  SCV x3  
  178  8:57  Siege Tank  
  181  9:03  Barracks x2  
  181  9:05  Medivac, SCV x3  
  181  9:06  Barracks  
  181  9:07  Factory Tech Lab  
  186  9:10  Planetary Fortress  
  186  9:23  Marauder, Marine x7  
  195  9:30  Siege Tank x2  
  200  9:34  SCV  
  199  9:56  Unknown  
  199  9:58  Command Center  
  197  10:02  Siege Tank  
  197  10:03  Command Center  
  197  10:05  Barracks Tech Lab x2  
  197  10:06  Barracks Tech Lab  
  197  10:15  Supply Depot x2  
  197  10:17  Terran Infantry Weapons Level 3, Supply Depot, Terran Infantry Armor Level 3  
  197  10:18  Terran Vehicle Weapons Level 2  
  188  10:28  Supply Depot  
  186  10:35  Supply Depot x2  
  186  10:37  Siege Tank x2  
  192  10:47  Missile Turret x2  
  192  10:48  Sensor Tower  
  192  10:49  Missile Turret  
  192  10:52  SCV x4, Ghost Academy  
  197  11:04  SCV x2  
  194  11:16  Siege Tank  
  194  11:17  Marauder, Marine, Siege Tank  
  194  11:18  Marauder x3, Marine x6  
  193  11:38  Planetary Fortress  
  167  11:40  Marauder  
  167  11:41  Marauder x3, Marine x2  
  167  11:42  Marine x3  
  174  11:49  Siege Tank x2  
  178  11:54  SCV x3  
  173  12:06  SCV x3  
  173  12:08  Ghost x2  
  178  12:13  Ghost  
  180  12:21  Siege Tank x2  
  184  12:24  Ghost  
  170  12:34  Medivac x2  
  170  12:36  Ghost  
  162  12:40  Marine x8  
  163  12:50  SCV x3  
  161  12:57  SCV  
  159  13:08  Sensor Tower  
  159  13:09  Missile Turret  
Show
View Real Time Build Order
Export as new Build Order

Elazer Zerg 

Build Orders: Hatch First, Lurkers 

Get SALT Encoding   

  12  0:00  Drone  
  13  0:12  Overlord  
  13  0:17  Drone  
  14  0:31  Drone x2  
  16  0:49  Hatchery  
  15  0:51  Drone  
  15  0:55  Drone  
  17  0:58  Drone  
  18  1:09  Extractor  
  17  1:13  Spawning Pool  
  17  1:16  Drone  
  17  1:19  Drone  
  18  1:28  Drone  
  19  1:39  Drone  
  20  1:50  Overlord  
  20  2:01  Queen x2  
  20  2:02  Zergling x4  
  26  2:12  Drone x2  
  28  2:22  Drone  
  29  2:23  Drone  
  29  2:28  Hatchery  
  29  2:34  Drone x2  
  30  2:42  Metabolic Boost  
  31  2:44  Drone  
  31  2:47  Queen  
  33  2:52  Overlord  
  33  2:57  Drone x2  
  35  3:08  Drone  
  35  3:09  Overlord  
  35  3:11  Drone  
  35  3:12  Queen  
  39  3:15  Drone  
  39  3:17  Drone  
  41  3:20  Drone  
  41  3:23  Queen  
  44  3:28  Drone x2  
  44  3:32  Overlord  
  46  3:39  Drone  
  47  3:42  Zergling x8  
  47  3:44  Queen  
  47  3:46  Drone  
  54  3:48  Drone  
  54  3:51  Drone  
  54  3:52  Drone  
  57  3:57  Drone  
  57  3:58  Drone x2  
  60  4:06  Drone x3  
  63  4:14  Drone x3  
  63  4:16  Overlord  
  66  4:22  Hatchery  
  65  4:27  Zergling x2  
  66  4:32  Baneling Nest  
  66  4:35  Drone x9  
  66  4:37  Overlord  
  74  4:45  Overlord  
  74  4:48  Spore Crawler  
  74  4:51  Zergling x2  
  74  4:57  Spore Crawler  
  74  4:58  Extractor, Spore Crawler  
  74  4:59  Extractor  
  69  5:00  Zergling x6  
  69  5:01  Zergling x4  
  69  5:05  Overlord  
  69  5:06  Drone x7  
  81  5:10  Evolution Chamber  
  81  5:12  Drone x2  
  81  5:13  Overlord  
  76  5:15  Drone  
  76  5:17  Drone x2  
  79  5:24  Drone  
  79  5:26  Drone  
  81  5:33  Drone x4  
  81  5:34  Drone  
  86  5:36  Lair  
  86  5:38  Drone  
  86  5:39  Drone  
  86  5:40  Evolution Chamber x2  
  86  5:43  Drone x4  
  86  5:46  Drone x2  
  92  5:51  Drone x4  
  92  5:52  Drone  
  92  5:56  Overlord  
  97  6:01  Drone x5  
  102  6:06  Queen, Zerg Melee Weapons Level 1, Zerg Ground Armor Level 1  
  102  6:07  Queen  
  102  6:09  Queen  
  108  6:13  Extractor  
  108  6:14  Zergling x8  
  108  6:15  Extractor  
  110  6:22  Drone x3  
  110  6:23  Drone x3  
  107  6:28  Overlord  
  107  6:30  Drone x5  
  107  6:31  Baneling x3  
  107  6:32  Baneling  
  112  6:35  Centrifical Hooks  
  112  6:36  Baneling x3  
  112  6:39  Overlord x2  
  112  6:46  Queen  
  114  6:48  Queen  
  114  6:51  Zergling x8  
  114  6:52  Overlord x2  
  114  6:53  Pneumatized Carapace  
  114  6:54  Burrow  
  120  6:58  Zergling x12  
  126  7:06  Zergling x4  
  126  7:07  Zergling x16  
  136  7:11  Overlord  
  134  7:17  Zergling x16  
  134  7:20  Overlord  
  141  7:25  Overlord  
  141  7:28  Zergling x4  
  141  7:37  Drone x2  
  141  7:40  Overlord  
  141  7:41  Spore Crawler  
  141  7:42  Drone x2, Spore Crawler  
  141  7:43  Spore Crawler  
  142  7:47  Zergling x8, Baneling  
  142  7:48  Baneling x11  
  146  7:55  Overlord  
  146  7:56  Baneling x8  
  146  7:58  Zergling x12  
  152  8:03  Zerg Ground Armor Level 2, Zerg Melee Weapons Level 2  
  152  8:13  Zergling x22  
  163  8:23  Zergling x6  
  163  8:24  Hatchery  
  163  8:26  Overlord  
  166  8:28  Extractor  
  166  8:30  Hydralisk Den, Infestation Pit  
  166  8:33  Hatchery  
  160  8:41  Baneling x5  
  159  8:43  Zergling x24  
  170  8:54  Zergling x14  
  177  9:00  Extractor x2  
  177  9:01  Spore Crawler  
  173  9:03  Muscular Augments, Drone x2  
  175  9:10  Hive, Drone  
  175  9:11  Lurker Den  
  175  9:12  Zergling x2  
  175  9:13  Zergling x6  
  179  9:19  Zergling x4, Baneling  
  179  9:20  Baneling  
  179  9:26  Zergling x2  
  179  9:27  Zergling x22  
  191  9:36  Drone x3  
  190  9:39  Overlord  
  190  9:49  Zergling x16  
  185  10:00  Hydralisk x7  
  185  10:05  Overlord  
  185  10:06  Zergling x2  
  192  10:20  Hydralisk x9, Grooved Spines  
  197  10:25  Zerg Missile Weapons Level 1, Zerg Ground Armor Level 3  
  197  10:26  Seismic Spines  
  197  10:27  Adrenal Glands  
  193  10:33  Hatchery  
  192  10:40  Baneling x8  
  192  10:41  Baneling x3  
  191  10:43  Baneling x10  
  191  10:54  Lurker x2  
  191  10:57  Zergling x14  
  172  11:22  Lurker x5  
  172  11:24  Zergling x42  
  186  11:32  Zergling x6  
  138  11:44  Hydralisk  
  138  11:45  Hydralisk x6  
  142  11:47  Adaptive Talons  
  142  11:53  Lurker  
  142  11:54  Lurker  
  130  11:55  Zergling x10  
  132  12:02  Hydralisk x3  
  134  12:09  Zergling x14  
  142  12:15  Lurker x4  
  142  12:25  Viper  
  142  12:27  Zergling x16  
  147  12:33  Zergling x4  
  147  12:34  Zergling x4  
  122  12:40  Hydralisk  
  122  12:41  Hydralisk x3  
  123  12:45  Hydralisk x2  
  123  12:46  Zergling x8, Baneling x2  
  120  12:53  Lurker x2  

Tags
 
Add a new tag
Caveats
  • Supply blocks, unpowered buildings, or Contaminate may cause inaccurate times.
  • Supply counts are checked every 10 seconds.